[Event "Titled Tuesday Blitz May 4 2021"]
[White "Sanal, Vahap"]
[Black "Oliveira, Silvio Eduardo"]
[WhiteFideId "6300545"]
[BlackFideId "2111560"]
[WhiteElo "2507"]
[BlackElo "2302"]
[Result "1-0"]
[Round "07"]
[TimeControl "180+1"]
[Date "2021.05.04"]
[WhiteClock "0:00:07"]
[BlackClock "0:00:08"]

1. e4 e5 2. Nf3 Nc6 3. Bb5 Nf6 4. O-O Nxe4 5. Re1 Nd6 6. Nxe5 Be7 7. Bf1 Nxe5 8. Rxe5 O-O 9. d4 Bf6 10. Bd3 Re8 11. Bf4 g6 12. Nc3 Bg7 13. Nd5 Re6 14. Qf3 Ne8 15. Rae1 c6 16. Nc3 d5 17. Rxe6 Bxe6 18. Ne2 Qd7 19. h3 Nd6 20. c3 Bf5 21. Bxd6 Bxd3 22. Qxd3 Qxd6 23. Nc1 Qd7 24. Nb3 Re8 25. Re2 Bf8 26. Kf1 Bd6 27. Rxe8+ Qxe8 28. Nd2 Qe6 29. h4 Qg4 30. Nf3 Qf4 31. Qc2 Kg7 32. a4 b6 33. Qd1 h6 34. g3 Qe4 35. Kg1 c5 36. dxc5 bxc5 37. Ne1 c4 38. Nf3 Bc5 39. Kf1 a5 40. Qe2 f5 41. Ng1 Kf6 42. Qd1 g5 43. hxg5+ hxg5 44. Qh5 g4 45. Qh6+ Kf7 46. Qh7+ Kf6 47. Qh8+ Kf7 48. Qh7+ Kf6 49. Qh6+ Kf7 50. Ne2 Qd3 51. Qh7+ Ke6 52. Qg8+ Kd7 53. Qf7+ Be7 54. Ke1 Qb1+ 55. Kd2 Qxb2+ 56. Ke3 Qb7 57. Qxf5+ Kd8 58. Nd4 Bc5 59. Qxg4 Qb1 60. Qg5+ Ke8 61. Qe5+ Kf8 62. Qf6+ Ke8 63. Qe6+ Kf8 64. Qc8+ Kg7 65. Qc7+ Kg6 66. Qc6+ Kh7 67. Qxc5 Qd3+ 68. Kf4 Qe4+ 69. Kg5 Qe5+ 70. Kg4 Qe4+ 71. f4 Qb1 72. Qe7+ Kh8 73. Qf6+ Kh7 74. Qf5+ Kh8 75. Qxb1 Kg7 76. Kf5 Kf8 77. Qb7 1-0


[Site "https://www.chess.com"]

[Event "Titled Tuesday Blitz May 4 2021"]
[White "Sanchez Alvares, Kelvin Antonio"]
[Black "Ibrayev, Nurlan"]
[WhiteFideId "3906680"]
[BlackFideId "13700650"]
[WhiteElo "2247"]
[BlackElo "2366"]
[Result "1-0"]
[Round "07"]
[TimeControl "180+1"]
[Date "2021.05.04"]
[WhiteClock "0:00:24"]
[BlackClock "0:00:09"]

1. e4 c5 2. Nf3 d6 3. d4 cxd4 4. Nxd4 Nf6 5. Nc3 a6 6. Bg5 e6 7. f4 Be7 8. Qf3 h6 9. Bxf6 Bxf6 10. O-O-O Qb6 11. Nb3 Qc7 12. g3 Bxc3 13. Qxc3 Qxc3 14. bxc3 Ke7 15. Bg2 Rd8 16. Rd2 Nc6 17. Rhd1 Rb8 18. e5 dxe5 19. Bxc6 Rxd2 20. Rxd2 bxc6 21. fxe5 Rb5 22. Re2 Bd7 23. c4 Rb4 24. Re4 f5 25. Rd4 g5 26. a3 Rb8 27. Nc5 Rd8 28. Nxa6 Rf8 29. Nc5 Bc8 30. Kd2 f4 31. g4 f3 32. Ke1 h5 33. h3 hxg4 34. hxg4 Rh8 35. Kf2 Rh2+ 36. Kxf3 Rxc2 37. a4 Ra2 38. Ke3 Ra3+ 39. Rd3 Ra1 40. Rd2 Re1+ 41. Re2 Ra1 42. Rh2 Kf7 43. Rh7+ Kg6 44. Rc7 Ba6 45. Nxa6 Rxa4 46. Rxc6 1-0


[Site "https://www.chess.com"]

[Event "Titled Tuesday Blitz May 4 2021"]
[White "Saraci, Nderim"]
[Black "Ivanisevic, Ivan"]
[WhiteFideId "6351921"]
[BlackFideId "912417"]
[WhiteElo "2486"]
[BlackElo "2525"]
[Result "1-0"]
[Round "07"]
[TimeControl "180+1"]
[Date "2021.05.04"]
[WhiteClock "0:00:12"]
[BlackClock "0:00:22"]

1. d4 Nf6 2. Nf3 c5 3. c4 cxd4 4. Nxd4 Nc6 5. Nc3 e6 6. g3 Bc5 7. e3 O-O 8. Bg2 d5 9. cxd5 exd5 10. Nb3 Bb4 11. O-O Bg4 12. Qd3 Ne5 13. Qd4 Bxc3 14. Qxc3 Re8 15. Nd4 Rc8 16. Qb4 Qd7 17. Bd2 h5 18. Qb5 Qxb5 19. Nxb5 Rc2 20. Bc3 Be2 21. Nd4 Bxf1 22. Nxc2 Bxg2 23. Kxg2 Ne4 24. Bxe5 Rxe5 25. Rc1 Re6 26. Nd4 Ra6 27. a3 Rb6 28. b3 g6 29. Rc2 Kg7 30. h3 Nf6 31. Rc7 Ne4 32. g4 hxg4 33. hxg4 Nd2 34. b4 Nc4 35. Rc5 Nxa3 36. Rxd5 a6 37. g5 Rxb4 38. Rd7 Rb6 39. f4 Nb5 40. Nf3 Re6 41. Ne5 Nd6 42. Kf3 Kf8 43. Rd8+ Ke7 44. Ra8 Ne8 45. Ra7 Rb6 46. Ra8 Rb5 47. Nc4 Rb4 48. Ne5 Nd6 49. Rh8 Rb3 50. Rh7 Ke6 51. Rh8 a5 52. Ra8 b6 53. Ra7 Rc3 54. Ra6 Rb3 55. Nc6 Nf5 56. Kf2 Nxe3 57. Nd4+ Kd5 58. Nxb3 Nc4 59. Nd2 Nxd2 60. Rxb6 Nc4 61. Ra6 Kc5 62. Ra7 Kb5 63. Ke2 a4 64. Kd3 Na5 65. Kc3 a3 66. Rxf7 Ka4 67. Rf6 Nb3 68. Rxg6 a2 69. Ra6+ Kb5 70. Rxa2 Nc5 71. Re2 Nd7 72. Kd4 Kc6 73. Re5 Kd6 74. Rd5+ Ke6 75. Rxd7 Kxd7 76. Ke5 Ke7 77. f5 Kf7 78. f6 Kg8 79. Ke6 Kh8 80. f7 Kg7 81. Ke7 Kg6 82. f8=Q Kh5 83. Qf6 Kg4 84. g6 Kh5 85. g7 Kg4 86. g8=Q+ Kh5 87. Qfh8# 1-0


[Site "https://www.chess.com"]

[Event "Titled Tuesday Blitz May 4 2021"]
[White "Sargissyan, Sargis"]
[Black "Roebers, Jan"]
[WhiteFideId "13303210"]
[BlackFideId "1007815"]
[WhiteElo "2174"]
[BlackElo "2211"]
[Result "0-1"]
[Round "07"]
[TimeControl "180+1"]
[Date "2021.05.04"]
[WhiteClock "0:01:12"]
[BlackClock "0:01:44"]

1. e4 e5 2. Nf3 Nc6 3. Bb5 a6 4. Ba4 Nf6 5. O-O Be7 6. d3 b5 7. Bb3 O-O 8. c3 d5 9. exd5 Nxd5 10. d4 exd4 11. Nxd4 Nxd4 12. Qxd4 Bb7 13. Nd2 c5 14. Qg4 f5 15. Bxd5+ Qxd5 16. Qf3 Qxf3 17. Nxf3 Bxf3 18. gxf3 Bf6 19. Be3 c4 20. Rad1 Rfd8 21. Bb6 Rxd1 22. Rxd1 Re8 23. Kf1 Be5 24. h3 b4 25. Bd4 bxc3 26. bxc3 Rd8 27. Ke2 Bxd4 28. Rxd4 Rxd4 29. cxd4 Kf7 30. Kd2 Ke6 31. Kc3 Kd5 32. f4 a5 33. a4 g6 34. f3 h6 35. h4 h5 36. Kc2 Kxd4 37. Kd2 c3+ 38. Kc2 Kc4 39. Kb1 Kb3 40. Kc1 c2 0-1


[Site "https://www.chess.com"]

[Event "Titled Tuesday Blitz May 4 2021"]
[White "Schut, Lisa"]
[Black "Matinian, Nikita"]
[WhiteFideId "1019481"]
[BlackFideId "24129100"]
[WhiteElo "2234"]
[BlackElo "2410"]
[Result "0-1"]
[Round "07"]
[TimeControl "180+1"]
[Date "2021.05.04"]
[WhiteClock "0:01:26"]
[BlackClock "0:02:28"]

1. e4 d6 2. d4 g6 3. Nc3 Bg7 4. Be3 a6 5. Qd2 b5 6. Bd3 Nd7 7. Nh3 c5 8. a4 cxd4 9. axb5 dxe3 10. Qxe3 Ngf6 11. bxa6 Nc5 12. e5 Nxd3+ 13. cxd3 dxe5 14. b4 Bxa6 0-1


[Site "https://www.chess.com"]

[Event "Titled Tuesday Blitz May 4 2021"]
[White "Sellitti, Federico"]
[Black "Abdusattorov, Nodirbek"]
[WhiteFideId "821829"]
[BlackFideId "14204118"]
[WhiteElo "2625"]
[BlackElo "2662"]
[Result "1-0"]
[Round "07"]
[TimeControl "180+1"]
[Date "2021.05.04"]
[WhiteClock "0:00:08"]
[BlackClock "0:00:24"]

1. e4 c6 2. d4 d5 3. exd5 cxd5 4. Bd3 Nf6 5. Bf4 Qb6 6. Nc3 Bd7 7. Rb1 Qxd4 8. Be3 Qb4 9. Nf3 Nc6 10. a3 Qa5 11. O-O e6 12. b4 Qd8 13. b5 Na5 14. Bd4 Rc8 15. Qe1 Be7 16. Ne5 O-O 17. f4 Bc5 18. Bxc5 Rxc5 19. g4 Qc7 20. g5 Nh5 21. Qh4 g6 22. Ne2 Nc4 23. Ng4 Nd6 24. Ng3 Nf5 25. Bxf5 f6 26. Nxh5 Be8 27. Nhxf6+ Kh8 28. Nxe8 Rxe8 29. Bd3 Rf8 30. Nf6 Qf7 31. Rf3 Rc7 32. Rbf1 Rfc8 33. Rh3 Rf8 34. Qh6 Qg7 35. Bxg6 Rxf6 36. gxf6 Qxf6 37. Bxh7 Qxh6 38. Rxh6 Kg7 39. Rh3 Kf6 40. Bd3 Rc3 41. Rg3 Rxa3 42. Kg2 a5 43. h4 Rc3 44. h5 a4 45. h6 Rc8 46. h7 Rh8 47. Rg8 Rxh7 48. Bxh7 e5 49. Rd8 Ke6 50. Bg8+ Ke7 51. Rxd5 exf4 52. Rxf4 a3 53. Re4+ Kf8 54. Rf5+ Kxg8 55. Rg4+ Kh7 56. Rh5# 1-0


[Site "https://www.chess.com"]

[Event "Titled Tuesday Blitz May 4 2021"]
[White "Seul, Georg"]
[Black "Velickovic, Zoran"]
[WhiteFideId "4601653"]
[BlackFideId "14601184"]
[WhiteElo "2332"]
[BlackElo "2336"]
[Result "1-0"]
[Round "07"]
[TimeControl "180+1"]
[Date "2021.05.04"]
[WhiteClock "0:00:24"]
[BlackClock "0:00:01"]

1. e4 c5 2. Nf3 g6 3. Bc4 Bg7 4. c3 e6 5. d4 cxd4 6. cxd4 d5 7. exd5 exd5 8. Bb5+ Nc6 9. O-O Ne7 10. Nc3 O-O 11. h3 h6 12. Re1 a6 13. Ba4 Nf5 14. Bxc6 bxc6 15. Na4 Qf6 16. Be3 Re8 17. Qd2 Nxe3 18. Rxe3 Rxe3 19. Qxe3 Bf5 20. Rc1 Qd6 21. Nc5 a5 22. b3 g5 23. Re1 Bf6 24. Qd2 Kg7 25. Ne5 Re8 26. Qc3 h5 27. Qf3 Bg6 28. Ncd7 Bxe5 29. Nxe5 f6 30. Nd3 Rxe1+ 31. Nxe1 c5 32. Qc3 Qe6 33. Nf3 cxd4 34. Nxd4 Qe4 35. a4 Kh6 36. Qe3 Qb1+ 37. Kh2 h4 38. Ne6 Qe4 39. Qxe4 Bxe4 40. Nd4 Kg6 41. f3 Bd3 42. Kg1 f5 43. Kf2 Kf6 44. Nc6 Bc2 45. Nxa5 Ke5 46. Ke3 d4+ 47. Kd2 d3 48. Nc4+ Kf4 49. Ne3 Bxb3 50. a5 Ba4 51. a6 Bc6 52. Kxd3 g4 53. hxg4 fxg4 54. Nxg4 h3 55. gxh3 Kxf3 56. Ne5+ Kg3 57. Nxc6 Kxh3 58. a7 1-0


[Site "https://www.chess.com"]

[Event "Titled Tuesday Blitz May 4 2021"]
[White "Sevian, Samuel"]
[Black "Bommini, Mounika Akshaya"]
[WhiteFideId "2040506"]
[BlackFideId "25019872"]
[WhiteElo "2930"]
[BlackElo "1610"]
[Result "1-0"]
[Round "07"]
[TimeControl "180+1"]
[Date "2021.05.04"]
[WhiteClock "0:01:55"]
[BlackClock "0:00:06"]

1. e4 e5 2. Nf3 Nc6 3. Bc4 Nf6 4. Ng5 d5 5. exd5 Na5 6. Bb5+ c6 7. dxc6 bxc6 8. Be2 h6 9. Nf3 e4 10. Ne5 Bd6 11. d4 exd3 12. Nxd3 O-O 13. O-O Nd5 14. Nd2 f5 15. c4 Nf6 16. b3 Ne4 17. Bb2 Nb7 18. Rc1 Qh4 19. g3 Qh3 20. Bf3 Ng5 21. Bg2 Qg4 22. Qxg4 fxg4 23. c5 Bc7 24. Bxc6 Rb8 25. Ne4 Nh3+ 26. Kg2 Nd8 27. Bd5+ Kh8 28. Ne5 Bf5 29. Nd6 Bh7 30. Rce1 g5 31. Ng6# 1-0


[Site "https://www.chess.com"]

[Event "Titled Tuesday Blitz May 4 2021"]
[White "Shahade, Gregory"]
[Black "Costachi, Mihnea"]
[WhiteFideId "2009064"]
[BlackFideId "1217518"]
[WhiteElo "2653"]
[BlackElo "2479"]
[Result "0-1"]
[Round "07"]
[TimeControl "180+1"]
[Date "2021.05.04"]
[WhiteClock "0:00:13"]
[BlackClock "0:00:21"]

1. e4 e5 2. Nf3 Nc6 3. Bb5 a6 4. Ba4 d6 5. O-O Bd7 6. d4 b5 7. Bb3 Nxd4 8. Nxd4 exd4 9. Qh5 Qf6 10. c3 d3 11. Qd5 Rb8 12. Qxd3 Ne7 13. Nd2 g6 14. e5 Qxe5 15. Nf3 Qf5 16. Qd4 Rg8 17. Re1 h6 18. Bd2 g5 19. Qa7 Rc8 20. Qxa6 Rg6 21. Nd4 Qd3 22. Bc2 Qxd2 23. Rad1 Qf4 24. Bxg6 fxg6 25. Nxb5 Kf7 26. Nd4 Bg7 27. g3 Qf6 28. Qc4+ d5 29. Qc5 c6 30. a4 Nf5 31. Nf3 Bf8 32. Qa7 Rd8 33. Ne5+ Kg8 34. Nxd7 Qf7 35. a5 Rxd7 36. Qb6 Nd6 37. Qxc6 Ne4 38. Re2 Bc5 39. Rxe4 Qxf2+ 40. Kh1 Qf3# 0-1


[Site "https://www.chess.com"]

[Event "Titled Tuesday Blitz May 4 2021"]
[White "Shahinyan, David"]
[Black "Tomb, Maroun"]
[WhiteFideId "13304380"]
[BlackFideId "5300398"]
[WhiteElo "2372"]
[BlackElo "2570"]
[Result "1-0"]
[Round "07"]
[TimeControl "180+1"]
[Date "2021.05.04"]
[WhiteClock "0:00:37"]
[BlackClock "0:00:02"]

1. e4 d6 2. Nc3 Nf6 3. f4 d5 4. e5 d4 5. Nce2 Nd5 6. Nxd4 Nxf4 7. Nb3 g5 8. d4 c6 9. g3 Ne6 10. Nf3 h6 11. Bg2 Bg7 12. O-O Na6 13. c3 Nac7 14. h4 g4 15. Nfd2 h5 16. Ne4 b6 17. Bg5 Ba6 18. Nd6+ Kd7 19. Nxf7 Bxf1 20. Nxd8 Bxg2 21. Nxe6 Bf3 22. Nec5+ bxc5 23. Nxc5+ Ke8 24. Qd3 Kf8 25. Qg6 Kg8 26. e6 Rf8 27. Nd7 Rf6 1-0


[Site "https://www.chess.com"]

[Event "Titled Tuesday Blitz May 4 2021"]
[White "Shimelkov, Vasiliy"]
[Black "Pantzar, Milton"]
[WhiteFideId "13701630"]
[BlackFideId "1721003"]
[WhiteElo "2073"]
[BlackElo "2323"]
[Result "1-0"]
[Round "07"]
[TimeControl "180+1"]
[Date "2021.05.04"]
[WhiteClock "0:00:55"]
[BlackClock "0:00:01"]

1. d4 d5 2. Nf3 e6 3. Bf4 Bd6 4. Bg3 Nf6 5. e3 O-O 6. Bd3 b6 7. O-O Ba6 8. c3 Bxd3 9. Qxd3 c5 10. Nbd2 Bxg3 11. hxg3 Nc6 12. e4 cxd4 13. cxd4 dxe4 14. Nxe4 h6 15. a3 Rc8 16. Nxf6+ Qxf6 17. Rac1 Rfd8 18. Qa6 Qe7 19. Ne5 Qe8 20. Nxc6 Rxc6 21. Qxa7 Rxd4 22. b4 Qc8 23. Qxb6 Rxc1 24. Qxd4 Rxf1+ 25. Kxf1 Qc1+ 26. Ke2 Qc2+ 27. Qd2 Qe4+ 28. Qe3 Qc2+ 29. Ke1 Qb1+ 30. Kd2 Qb2+ 31. Kd1 Qa1+ 32. Qc1 Qd4+ 33. Ke2 Qe4+ 34. Kf1 Qd3+ 35. Kg1 Qb3 36. Qa1 f6 37. a4 Qxb4 38. a5 Qb7 39. a6 Qa7 40. Qa4 Kh8 41. Qe8+ Kh7 42. Qxe6 Qd4 43. Qf5+ Kg8 44. Qc8+ Kh7 45. Qc2+ Kg8 46. Kh2 Qd5 47. a7 Kh8 48. Qc8+ Kh7 49. a8=Q Qh5+ 50. Qh3 1-0


[Site "https://www.chess.com"]

[Event "Titled Tuesday Blitz May 4 2021"]
[White "Shkapenko, Pavel"]
[Black "Sharapov, Evgeny"]
[WhiteFideId "4151933"]
[BlackFideId "14103133"]
[WhiteElo "2386"]
[BlackElo "2367"]
[Result "0-1"]
[Round "07"]
[TimeControl "180+1"]
[Date "2021.05.04"]
[WhiteClock "0:00:01"]
[BlackClock "0:00:54"]

1. e4 c5 2. c3 Nf6 3. e5 Nd5 4. d4 cxd4 5. cxd4 Nc6 6. Nc3 Nxc3 7. bxc3 d5 8. Bd3 g6 9. h4 h5 10. Ne2 Bg7 11. Nf4 O-O 12. Nxh5 gxh5 13. Qxh5 f5 14. Rh3 Qe8 15. Qg5 Qf7 16. Rg3 Kh7 17. h5 Be6 18. Bd2 Rg8 19. Qg6+ Kh8 20. Bf4 Qxg6 21. Rxg6 Bf7 22. Rg3 e6 23. Kd2 Bf8 24. Bg5 Be7 25. f4 Rg7 26. Rh1 Rag8 27. h6 Rg6 28. Rh5 Bxg5 29. fxg5 Kh7 30. Ke3 Ne7 31. Kf4 Rc8 32. Bb1 Rgg8 0-1


[Site "https://www.chess.com"]

[Event "Titled Tuesday Blitz May 4 2021"]
[White "Shtyka, Sergey"]
[Black "volunteers1998"]
[WhiteFideId "4138465"]
[WhiteElo "2102"]
[BlackElo "2232"]
[Result "0-1"]
[Round "07"]
[TimeControl "180+1"]
[Date "2021.05.04"]
[WhiteClock "0:00:39"]
[BlackClock "0:00:36"]

1. e4 c5 2. Nf3 Nc6 3. d4 cxd4 4. Nxd4 Nf6 5. Nc3 e5 6. Ndb5 d6 7. Bg5 a6 8. Na3 b5 9. Bxf6 gxf6 10. Nd5 f5 11. c3 Bg7 12. exf5 Bxf5 13. Nc2 O-O 14. Nce3 Be6 15. Bd3 f5 16. Qh5 e4 17. Bc2 Ne5 18. Nf4 Qf6 19. O-O Kh8 20. Nxe6 Qxe6 21. Rad1 a5 22. Nd5 Rac8 23. Bb3 a4 24. Nf4 Qh6 25. Qxh6 Bxh6 26. Be6 Rce8 27. Rxd6 Bxf4 28. Rb6 Rf6 29. g3 Bh6 30. Rxb5 Rfxe6 31. Rd1 Nf3+ 32. Kg2 Nd2 33. Rxf5 Nc4 34. b3 axb3 35. axb3 e3 36. bxc4 e2 37. Re1 Bd2 38. Rxe2 Rxe2 39. c5 Bxc3 40. h4 Bd4 41. c6 Rc8 42. g4 Rxc6 43. Kg3 Rf6 44. Rd5 Bxf2+ 45. Kh3 Rf3+ 46. Kg2 Rg3+ 47. Kf1 Ra2 48. h5 Rg1# 0-1


[Site "https://www.chess.com"]

[Event "Titled Tuesday Blitz May 4 2021"]
[White "Shukhman, Anna"]
[Black "Tikhonov, Viacheslav"]
[WhiteFideId "54180058"]
[BlackFideId "44196407"]
[WhiteElo "1628"]
[BlackElo "1773"]
[Result "0-1"]
[Round "07"]
[TimeControl "180+1"]
[Date "2021.05.04"]
[WhiteClock "0:01:06"]
[BlackClock "0:01:40"]

1. e4 c6 2. d4 d5 3. e5 c5 4. dxc5 Nc6 5. Nf3 Bg4 6. c3 e6 7. Bb5 Bxc5 8. O-O Ne7 9. h3 Bxf3 10. Qxf3 O-O 11. Bg5 Nxe5 12. Qg3 Bd6 13. f4 N5g6 14. Bd3 f6 15. Bh4 Nf5 16. Bxf5 exf5 17. Nd2 Qb6+ 18. Kh2 Qxb2 19. Rad1 Qxa2 20. c4 d4 21. Qf3 Nxh4 22. Qd5+ Kh8 23. Qxd6 Rfe8 24. Qxd4 Rad8 25. Qc3 Re2 26. Rfe1 Rxg2+ 27. Kh1 h6 28. Rg1 Rxg1+ 29. Kxg1 Rxd2 30. Rxd2 Qxd2 0-1


[Site "https://www.chess.com"]

[Event "Titled Tuesday Blitz May 4 2021"]
[White "Shvedova, Alexandra"]
[Black "Korkmaz, Necmettin"]
[WhiteFideId "54154782"]
[BlackFideId "6303285"]
[WhiteElo "1887"]
[BlackElo "2094"]
[Result "1/2-1/2"]
[Round "07"]
[TimeControl "180+1"]
[Date "2021.05.04"]
[WhiteClock "0:00:10"]
[BlackClock "0:00:12"]

1. e4 e6 2. d4 d5 3. Nd2 Nf6 4. e5 Nfd7 5. Bd3 c5 6. c3 Nc6 7. Ngf3 Qb6 8. O-O cxd4 9. cxd4 Nxd4 10. Nxd4 Qxd4 11. Nf3 Qb6 12. Qa4 Qb4 13. Qc2 Nc5 14. Bxh7 Qg4 15. Be3 Ne4 16. Bxe4 dxe4 17. Ng5 Bd7 18. Qxe4 Qh5 19. h3 Bc6 20. Qf4 Be7 21. Rac1 Qg6 22. Kh2 Rh5 23. Nf3 Rf5 24. Qg3 Qh7 25. Nd4 Bh4 26. Qg4 Rxe5 27. Nxc6 bxc6 28. Bf4 Re4 29. Rce1 Rd4 30. Qf3 Rd5 31. Rc1 Rc8 32. Rfd1 Rxd1 33. Rxd1 Qf5 34. Qe3 Bf6 35. Bg3 c5 36. Qe2 Bd4 37. Qb5+ Kf8 38. Bd6+ Kg8 39. Qd7 Ra8 40. Bg3 Qd5 41. Qxd5 exd5 42. b3 Rd8 43. Kg1 Rd7 44. Kf1 f6 45. f3 Be5 46. Bf2 d4 47. Ke2 Kf7 48. Kd3 Ke6 49. Kc4 Kd6 50. g3 g5 51. a3 a5 52. b4 axb4 53. axb4 Rc7 54. bxc5+ Rxc5+ 55. Kd3 Kd5 56. h4 Rc3+ 57. Ke2 Rc2+ 58. Rd2 Rxd2+ 59. Kxd2 gxh4 60. gxh4 Kc4 61. h5 Bf4+ 62. Kd1 d3 63. Be1 Be5 64. Bd2 f5 65. h6 Kd5 66. Bg5 Kc4 67. f4 Bc3 68. Be7 Kd5 69. h7 Ke6 70. Bb4 Bd4 71. Kd2 Kf7 72. Kxd3 Bf6 73. Bc3 Bxc3 74. Kxc3 Kg7 75. Kd4 Kxh7 76. Kd5 Kh6 77. Ke6 Kg6 78. Ke5 Kg7 79. Kxf5 Kf7 80. Ke5 Ke7 81. Kf5 Kf7 82. Ke5 Ke7 83. f5 Kf7 84. f6 Kf8 85. Ke6 Ke8 86. f7+ Kf8 87. Kf6 1/2-1/2


[Site "https://www.chess.com"]

[Event "Titled Tuesday Blitz May 4 2021"]
[White "Shyaamnikhil P"]
[Black "Yilmaz, Mustafa"]
[WhiteFideId "5024218"]
[BlackFideId "6302718"]
[WhiteElo "2300"]
[BlackElo "2518"]
[Result "0-1"]
[Round "07"]
[TimeControl "180+1"]
[Date "2021.05.04"]
[WhiteClock "0:00:13"]
[BlackClock "0:00:16"]

1. e3 c5 2. c4 Nf6 3. Nc3 g6 4. g4 h6 5. Bg2 Nc6 6. h3 Bg7 7. Nge2 e6 8. d4 cxd4 9. exd4 d5 10. c5 O-O 11. g5 hxg5 12. Bxg5 b6 13. h4 bxc5 14. h5 cxd4 15. Nxd4 Qb6 16. Nxc6 Qxc6 17. h6 Bh8 18. h7+ Nxh7 19. Bd2 Ba6 20. Qf3 Qc7 21. Qh3 f5 22. Nxd5 Qe5+ 23. Be3 Rf7 24. Nc3 Rd8 25. f4 Qb8 26. Rd1 Rxd1+ 27. Nxd1 Qb5 28. Kf2 Qe2+ 29. Kg3 g5 30. Bf3 gxf4+ 31. Bxf4 Rg7+ 32. Kh4 Qc4 33. Qh2 Qc5 34. Re1 Qe7+ 35. Kh3 Ng5+ 36. Bxg5 Qxg5 37. Qb8+ Kh7 0-1


[Site "https://www.chess.com"]

[Event "Titled Tuesday Blitz May 4 2021"]
[White "Sikorova, Olga"]
[Black "Volkov, Maksim"]
[WhiteFideId "307033"]
[BlackFideId "54123070"]
[WhiteElo "2188"]
[BlackElo "2113"]
[Result "0-1"]
[Round "07"]
[TimeControl "180+1"]
[Date "2021.05.04"]
[WhiteClock "0:00:05"]
[BlackClock "0:00:09"]

1. c4 e5 2. g3 g6 3. Bg2 Bg7 4. Nc3 Nc6 5. d3 d6 6. e4 f5 7. Nge2 Nf6 8. O-O O-O 9. Bg5 h6 10. Bxf6 Qxf6 11. Nd5 Qf7 12. b4 Be6 13. b5 Nd4 14. Nxd4 exd4 15. f4 a5 16. exf5 Bxf5 17. Qd2 h5 18. b6 c6 19. Nc7 Rad8 20. Rae1 Rd7 21. h3 Bf6 22. Re2 Re7 23. Rfe1 Rxe2 24. Rxe2 Qd7 25. Kh2 Bd8 26. Qxa5 Bxd3 27. Rd2 Bxc4 28. Rxd4 d5 29. Qa4 Bf6 30. Rd1 Rd8 31. Qc2 Kh7 32. a4 h4 33. g4 Qd6 34. Qf2 Bg5 35. Kh1 Rf8 36. f5 gxf5 37. gxf5 Qf6 38. a5 Qxf5 39. Qxf5+ Rxf5 40. a6 bxa6 41. b7 Rf8 42. Re1 Rb8 43. Re5 Bf6 44. Re6 Kg7 45. Ne8+ Kf7 46. Rxf6+ Kxe8 47. Rxc6 Rxb7 48. Kh2 Rb2 49. Rg6 Bf1 50. Kg1 Rxg2+ 0-1


[Site "https://www.chess.com"]

[Event "Titled Tuesday Blitz May 4 2021"]
[White "Sirosh, Ilja"]
[Black "De Silva, L M S T"]
[WhiteFideId "4500458"]
[BlackFideId "9953698"]
[WhiteElo "2241"]
[BlackElo "1621"]
[Result "1-0"]
[Round "07"]
[TimeControl "180+1"]
[Date "2021.05.04"]
[WhiteClock "0:00:05"]
[BlackClock "0:00:03"]

1. e4 e5 2. Nf3 Nc6 3. Bc4 Nf6 4. d3 Bc5 5. c3 O-O 6. O-O d5 7. exd5 Nxd5 8. Re1 Bg4 9. Nbd2 Nb6 10. h3 Bh5 11. Bb3 Qxd3 12. Nxe5 Qf5 13. Nef3 Rad8 14. Qe2 Bg6 15. Nh4 Qf6 16. Nxg6 Qxg6 17. Nf3 Bd6 18. Bc2 Qh5 19. Ng5 Qxe2 20. Rxe2 h6 21. Nf3 Rfe8 22. Rxe8+ Rxe8 23. b3 Nd5 24. Bd2 Ne5 25. Nxe5 Bxe5 26. Re1 Kf8 27. c4 Nf6 28. Bb4+ Kg8 29. Kf1 b6 30. g3 c5 31. Bd2 Rd8 32. Bc1 Bd6 33. Rd1 Kf8 34. f4 Ke7 35. Kf2 Kd7 36. Kf3 Kc7 37. g4 Re8 38. Bd2 Nd7 39. Re1 Rd8 40. Bc3 f6 41. h4 Nb8 42. Be4 a6 43. g5 hxg5 44. hxg5 fxg5 45. fxg5 Rf8+ 46. Kg4 Rf4+ 47. Kh5 Nd7 48. Bxg7 Rf2 49. Kg6 Rxa2 50. Bd5 Rf2 51. Bc3 b5 52. Kg7 b4 53. Ba1 a5 54. g6 Bf8+ 55. Kg8 Bd6 56. g7 a4 57. bxa4 b3 58. Kh7 Rh2+ 59. Kg6 Ne5+ 60. Bxe5 Bxe5 61. Rxe5 b2 62. Re1 Re2 63. Rb1 Re8 64. g8=Q Kd6 65. Qxe8 1-0


[Site "https://www.chess.com"]

[Event "Titled Tuesday Blitz May 4 2021"]
[White "Smietanska, Wiktoria"]
[Black "Sarkar, Justin"]
[WhiteFideId "21869359"]
[BlackFideId "2010011"]
[WhiteElo "1780"]
[BlackElo "2140"]
[Result "0-1"]
[Round "07"]
[TimeControl "180+1"]
[Date "2021.05.04"]
[WhiteClock "0:01:49"]
[BlackClock "0:00:46"]

1. e4 e5 2. Nf3 Nc6 3. d4 exd4 4. c3 d5 5. Bd3 dxc3 6. Nxc3 dxe4 7. Bxe4 Qxd1+ 8. Nxd1 Bd7 9. O-O O-O-O 10. Nc3 Nf6 11. Bc2 Bg4 12. Ng5 Bh5 13. Bf4 h6 14. Nge4 Nxe4 15. Nxe4 Nd4 16. Bd3 Be2 17. Rfd1 Bxd3 18. Rxd3 Ne2+ 19. Kf1 Nxf4 20. Rxd8+ Kxd8 0-1


[Site "https://www.chess.com"]

[Event "Titled Tuesday Blitz May 4 2021"]
[White "Song, Michael"]
[Black "Alboredo, Julia"]
[WhiteFideId "2613190"]
[BlackFideId "2124807"]
[WhiteElo "2274"]
[BlackElo "2041"]
[Result "1-0"]
[Round "07"]
[TimeControl "180+1"]
[Date "2021.05.04"]
[WhiteClock "0:00:06"]
[BlackClock "0:00:13"]

1. d4 Nf6 2. Bg5 d5 3. Nd2 g6 4. Bxf6 exf6 5. e3 Bg7 6. h4 h5 7. Bd3 f5 8. Ne2 c5 9. c3 Nc6 10. Nf4 Be6 11. Nxe6 fxe6 12. Nf3 cxd4 13. exd4 Qb6 14. Qe2 Kd7 15. O-O-O Rae8 16. Kb1 Kc8 17. Bb5 a6 18. Ba4 Re7 19. Rhe1 Rhe8 20. c4 Kb8 21. Rd2 Ka8 22. Qd3 dxc4 23. Qxc4 Na5 24. Qc5 Qxc5 25. dxc5 Rc8 26. b4 Nc4 27. Rd7 Rce8 28. Kc2 e5 29. Red1 e4 30. Rd8+ Rxd8 31. Rxd8+ Ka7 32. Nd4 e3 33. fxe3 Nxe3+ 34. Kd3 Bxd4 35. Kxd4 Nxg2 36. c6 bxc6 37. Bxc6 Nxh4 38. Kc5 Re5+ 39. Bd5 Rxd5+ 40. Rxd5 Nf3 41. Rd7+ Kb8 42. Kb6 Kc8 43. Rg7 Ne5 44. Kxa6 h4 45. b5 h3 46. b6 Nc6 47. b7+ Kd8 48. Kb6 Nb8 49. Rg8+ Kd7 50. Rxb8 h2 51. Rh8 1-0


[Site "https://www.chess.com"]

[Event "Titled Tuesday Blitz May 4 2021"]
[White "Spata, German"]
[Black "Kalajzic, Ivan"]
[WhiteFideId "113026"]
[BlackFideId "14506378"]
[WhiteElo "2238"]
[BlackElo "2163"]
[Result "1-0"]
[Round "07"]
[TimeControl "180+1"]
[Date "2021.05.04"]
[WhiteClock "0:00:57"]
[BlackClock "0:00:16"]

1. e4 c6 2. d4 d5 3. exd5 cxd5 4. Bd3 Nf6 5. c3 g6 6. Bf4 Bg7 7. Nd2 Nc6 8. Ngf3 O-O 9. O-O Bf5 10. Bxf5 gxf5 11. Ne5 Ne4 12. Nxc6 bxc6 13. f3 Nxd2 14. Qxd2 e6 15. Bh6 a5 16. Bxg7 Kxg7 17. b3 Qf6 18. Rac1 Rfb8 19. Rfe1 Qh6 20. Qf2 Kh8 21. Rc2 Qf4 22. g3 Rg8 23. Kh1 Qh6 24. Qe3 Qxe3 25. Rxe3 h5 26. c4 Rgb8 27. g4 hxg4 28. fxg4 fxg4 29. Rf2 Rf8 30. Rf4 dxc4 31. Rxg4 1-0


[Site "https://www.chess.com"]

[Event "Titled Tuesday Blitz May 4 2021"]
[White "Spencenzug"]
[Black "Gandhi, Shyam"]
[BlackFideId "2052008"]
[WhiteElo "2312"]
[BlackElo "1951"]
[Result "1-0"]
[Round "07"]
[TimeControl "180+1"]
[Date "2021.05.04"]
[WhiteClock "0:00:21"]
[BlackClock "0:00:20"]

1. e4 g6 2. d4 Bg7 3. Nc3 d6 4. h3 Nd7 5. Nf3 a6 6. a4 b6 7. Bd3 Bb7 8. Ne2 e5 9. c3 Ne7 10. Ng3 O-O 11. O-O f6 12. Re1 f5 13. Ng5 Rf6 14. exf5 gxf5 15. Nh5 Rg6 16. Nxg7 Kxg7 17. Qb3 Bd5 18. Bc4 Qg8 19. Bxd5 Qxd5 20. Qxd5 Nxd5 21. dxe5 dxe5 22. Nf3 Re8 23. Bd2 Rge6 24. c4 Ne7 25. Bc3 Nc6 26. Rad1 R8e7 27. g3 Kf8 28. Kg2 Rd6 29. Rxd6 cxd6 30. Nh4 Rf7 31. Rd1 Ke7 32. f3 Nf8 33. g4 fxg4 34. hxg4 Rf6 35. Nf5+ Kd7 36. b4 Ng6 37. a5 bxa5 38. b5 axb5 39. cxb5 Nce7 40. Nxe7 Kxe7 41. Bxa5 d5 42. b6 Nf4+ 43. Kf1 Ne6 44. Ke2 Nd4+ 45. Rxd4 exd4 46. b7 Rf8 47. Bc7 d3+ 48. Kd2 Ke6 49. b8=Q Rxb8 50. Bxb8 Kf6 51. Bf4 Kg6 52. Kxd3 Kf6 53. Kd4 Ke6 54. Bg3 Kf6 55. Kxd5 Kg7 56. Ke5 Kh8 57. Kf5 h6 58. Kg6 Kg8 59. Kxh6 Kh8 60. Kg6 Kg8 61. Be1 Kh8 62. Bd2 Kg8 63. Bc1 Kh8 64. f4 Kg8 65. f5 Kh8 66. f6 Kg8 67. f7+ Kf8 68. Ba3# 1-0


[Site "https://www.chess.com"]